 Dungeon Crawl Stone Soup version 0.26-b1-32-g5d43845318 (webtiles) character file.

Game seed: 12865942056697916103

415 Gauvater the Skirmisher (level 6, -1/53 (56) HPs)
             Began as a Hill Orc Abyssal Knight on Jan 5, 2021.
             Was a Believer of Lugonu.
             Killed by divine providence
             ... invoked by an orc priest
              (16 damage)
             ... on level 4 of the Dungeon.
             The game lasted 00:20:21 (4886 turns).

Gauvater the Skirmisher (Hill Orc Abyssal Knight)   Turns: 4886, Time: 00:20:22

HP:   -1/53 (56)    AC: 10    Str: 17    XL:     6   Next: 92%
MP:   9/9           EV: 10    Int: 12    God:    Lugonu [**....]
Gold: 22            SH:  0    Dex: 10    Spells: 5/5 levels left

rFire    . . .     SeeInvis +   a - +1 hand axe
rCold    + . .     Faith    .   (no shield)
rNeg     . . .     Spirit   .   y - +0 scale mail
rPois    .         Reflect  .   f - +1 helmet
rElec    .         Harm     .   (no cloak)
rCorr    .         Rampage  .   j - +0 pair of gloves
Will     .....                  (no boots)
Stlth    ..........             (no amulet)
HPRegen  0.17/turn              i - ring of see invisible
MPRegen  0.11/turn              w - ring of protection from cold

@: hasted, drained, very quick
A: no striking features
a: Renounce Religion, Convert to Beogh, Depart the Abyss, Bend Space


You were on level 4 of the Dungeon.
You worshipped Lugonu.
Lugonu was pleased with you.
You visited 1 branch of the dungeon, and saw 4 of its levels.
You visited the Abyss 1 time.

You collected 202 gold pieces.
You spent 180 gold pieces at shops.

Inventory:

Hand Weapons
 a - a +1 hand axe (weapon)
 l - a +0 hunting sling
 z - a +0 war axe
Missiles
 b - 6 boomerangs (quivered)
 c - 114 stones
 d - 43 bolts
 e - 36 arrows
 x - 2 throwing nets
 A - 12 poisoned darts
Armour
 f - a +1 helmet (worn)
 j - a +0 pair of gloves (worn)
 p - a +0 buckler
 y - a +0 scale mail (worn)
Jewellery
 i - a ring of see invisible (left hand)
 o - an uncursed ring of protection from fire
 w - a ring of protection from cold (right hand)
Scrolls
 k - 2 scrolls of fog
 m - a scroll of teleportation
 q - a scroll of random uselessness {unknown}
 s - 3 scrolls of remove curse
 v - 2 scrolls of magic mapping
 B - a scroll of identify
 C - a scroll of noise {unknown}
Potions
 g - a potion of ambrosia
 h - a potion of brilliance
 n - 4 potions of curing
 r - a potion of might


   Skills:
 * Level 5.5 Fighting
 + Level 5.4 Axes
 + Level 1.1 Throwing
 + Level 3.3 Armour
 + Level 1.7 Dodging
 + Level 0.2 Stealth
 * Level 4.5 Invocations


You had 5 spell levels left.
You didn't know any spells.
Your spell library contained the following spells:

 Spells                   Type           Power        Failure   Level
 Magic Dart               Conj           0%           73%         1
 Blink                    Tloc           N/A          86%         2
 Call Imp                 Summ           0%           86%         2
 Slow                     Hex            0%           86%         2
 Conjure Flame            Conj/Fire      0%           97%         3
 Mephitic Cloud           Conj/Pois/Air  0%           97%         3


Dungeon Overview and Level Annotations

Branches:
Dungeon (4/15)
 Temple: D:4-7

Altars:
Yredelemnul
Zin

Shops:
D:4 *?!(!

Annotations:
D:3 1 runed translucent door, Crazy Yiuf


Message History

You hit the orc priest.
The orc priest shouts, "Join the one true god or die!"
The orc priest is severely wounded.
You hit the orc priest but do no damage.
You closely miss the orc priest.
The orc priest hits you but does no damage.
You feel drained.
The orc priest hits you with a +0 dagger.
* * * LOW HITPOINT WARNING * * *
The orc priest shouts, "Join the one true god or die!"
You closely miss the orc priest.
The orc priest shouts, "Join the one true god or die!"
The orc priest is severely wounded.
You hit the orc priest. You barely miss the orc priest.
The orc priest shouts, "Beogh is our master!
Accept the truth or die!" x2
The orc priest threatens, "By the altar or by the axe, you will meet Beogh!"
The orc priest hits you but does no damage.
The orc priest mumbles some strange prayers to Beogh against you.
Beogh smites you!
You die...

##♣.♣ ♣♣ ####...# ♣.
.....♣.♣ ### ♣. .....#.#
#.. ♣.P
####.♣.♣#######♣.♣ ♣♣.
##...........##.# ♣♣
#...........♣#♣.♣
#......♣.♣.......#
#......♣.♣...♣#♣@♣
.......♣.♣....#oooo.....
..#....♣.♣....##l.......
..#....♣.♣....≈≈≈.......
..##...♣.♣...≈≈≈≈≈......
#. ......≈≈∩........
#####≈≈≈≈≈...#..
#≈≈≈...###.


You could see an iguana and 4 orc priests.

Vanquished Creatures
  Sigmund (D:2)
  An orc wizard (D:3)
  An iguana (D:4)
  2 worker ants (D:4)
  A hound skeleton (D:4)
  Robin (D:3)
  6 adders
  4 worms
  2 leopard geckos
  9 orcs
  A ball python (D:1)
  3 giant cockroaches
  9 goblins
  9 hobgoblins
  7 kobolds
  2 quokkas
  6 bats
  2 frilled lizards (D:3)
  2 gnoll zombies (D:2)
  A jackal skeleton (D:4)
  6 rats
76 creatures vanquished.

Notes
Turn   | Place    | Note
-------+----------+-------------------------------------------
     0 | Abyss:1  | Gauvater the Hill Orc Abyssal Knight began the quest for
                  | the Orb.
     0 | Abyss:1  | Reached XP level 1. HP: 19/19 MP: 2/2
    27 | Abyss:1  | Noticed a will-o-the-wisp
    34 | D:1      | Escaped the Abyss
   177 | D:1      | Reached * piety under Lugonu
   178 | D:1      | Reached skill level 1 in Dodging
   280 | D:1      | Reached XP level 2. HP: 27/27 MP: 3/3
  1182 | D:2      | Reached XP level 3. HP: 32/34 MP: 5/5
  1327 | D:2      | Found a basalt altar of Yredelemnul.
  1390 | D:2      | Noticed Sigmund
  1406 | D:2      | HP: 1/34 [Sigmund/+0 scythe (12)]
  1407 | D:2      | Killed Sigmund
  1408 | D:2      | Reached skill level 5 in Fighting
  1408 | D:2      | Reached XP level 4. HP: 2/42 MP: 6/6
  1408 | D:2      | Reached XP level 5. HP: 2/48 MP: 7/7
  2437 | D:3      | Found a runed translucent door.
  2438 | D:3      | Noticed Crazy Yiuf
  2566 | D:3      | Reached XP level 6. HP: 29/56 MP: 9/9
  2847 | D:3      | Noticed Robin
  2869 | D:3      | Killed Robin
  2895 | D:3      | Reached ** piety under Lugonu
  3308 | D:3      | Reached skill level 5 in Axes
  3760 | D:4      | Found Neothoach's General Store.
  3763 | D:4      | Bought 2 throwing nets for 78 gold pieces
  3763 | D:4      | Bought a scroll of fog for 26 gold pieces
  3763 | D:4      | Bought a scroll of identify for 26 gold pieces
  4271 | D:4      | Found Caekuck's Distillery.
  4274 | D:4      | Found a glowing silver altar of Zin.
  4284 | D:4      | Bought a potion of heal wounds for 50 gold pieces
  4284 | D:4      | Found Huthuts's Weapon Shop.
  4447 | D:4      | Reached skill level 1 in Throwing
  4574 | D:4      | Found Cittyxutt's Distillery.
  4861 | D:4      | Found Nojycvyv's Magic Scroll Shop.
  4886 | D:4      | Killed from afar by an orc priest

Illustrated notes

Levels and vault maps discovered:
D:1:      roderic_crossed_star, layout_basic
D:2:      layout_loops_ring, lemuel_zombie_altar_yredelemnul, uniq_sigmund
D:3:      layout_loops_ring, uniq_crazy_yiuf_cottage, uniq_robin
D:4:      layout_cave_pods, nicolae_overflow_hidden_temple,
          grunt_temple_overflow_open, serial_forest, infiniplex_forest_zigzag_1,
          infiniplex_forest_join, infiniplex_forest_end_2,
          infiniplex_forest_straight_2, infiniplex_forest_lined_3,
          infiniplex_forest_lined_corner, infiniplex_forest_corner_1,
          serial_shops, shop, shop, nicolae_shop_waterfront,
          nicolae_shop_behind_doors, nicolae_shop_trees, roderic_lattice_a

Skill      XL: |  1  2  3  4  5  6 |
---------------+-------------------+-----
Dodging        | 1 |  1.7
Fighting       | 4 5 |  5.5
Invocations    | 3 4 |  4.5
Axes           | 4 5 |  5.4
Armour         | 3 |  3.3
Throwing       | 1 |  1.1
Stealth        | |  0.2

Action                   |  1- 3 |  4- 6 || total
-------------------------+-------+-------++-------
Melee: Hand axe          |    87 |   204 ||   291
Throw: Stone             |    17 |     7 ||    24
       Boomerang         |       |    43 ||    43
Invok: Depart the Abyss  |     1 |       ||     1
  Use: Scroll            |       |    11 ||    11
       Potion            |       |     2 ||     2
Armor: Leather armour    |    21 |    23 ||    44
       Scale mail        |       |    70 ||    70
Dodge: Dodged            |    52 |   134 ||   186
